 Dungeon Crawl Stone Soup version 0.28.0 (webtiles) character file.

Game seed: 3320343832724558794

2249 tizbic2 the Gouger (level 9, -6/33 (34) HPs)
             Began as a Felid Ice Elementalist on Feb 4, 2022.
             Was a Believer of Kikubaaqudgha.
             Mangled by a wight (12 damage)
             ... on level 8 of the Dungeon.
             The game lasted 00:42:59 (8290 turns).

tizbic2 the Gouger (Felid Ice Elementalist)         Turns: 8290, Time: 00:43:00

HP:   -6/33 (34)    AC: 10    Str:  4    XL:     9   Next: 15%
MP:   5/19          EV: 19    Int: 26    God:    Kikubaaqudgha [**....]
Gold: 272           SH:  0    Dex: 17    Spells: 6/20 levels left
                                        Lives: 0   Deaths: 2

rFire   . . .      SeeInvis +     - Unarmed
rCold   . . .      Faith    .   (shield unavailable)
rNeg    . . .      Spirit   .   (armour unavailable)
rPois   .          Reflect  .   (helmet unavailable)
rElec   .          Harm     .   (cloak unavailable)
rCorr   .          Rampage  .   (gloves unavailable)
Will    +....                   (boots unavailable)
Stlth   ++........              (no amulet)
HPRegen 0.11/turn               q - +6 ring of intelligence
MPRegen 0.16/turn               a - ring of wizardry

@: ice-armoured, freezing walls, lightly drained, quick
A: very small, claws 1, fangs 3, see invisible, speed 1, shaggy fur 2, stealthy
paws, no weapons or thrown items, no armour, multi-lived
a: Renounce Religion, Receive Corpses


You were on level 8 of the Dungeon.
You worshipped Kikubaaqudgha.
Kikubaaqudgha was pleased with you.
You visited 1 branch of the dungeon, and saw 8 of its levels.

You collected 272 gold pieces.

Inventory:

Jewellery
 a - a ring of wizardry (right paw)
 i - a ring of protection from cold
 p - a ring of magical power
 q - a +6 ring of intelligence (left paw)
Wands
 g - a wand of flame (25)
 o - a wand of charming (12)
 r - a wand of acid (9)
 u - a wand of paralysis (14)
Scrolls
 d - 2 scrolls of magic mapping
 e - 2 scrolls of silence
 f - 2 scrolls of fear
 j - a scroll of fog {unknown}
 k - 2 scrolls of vulnerability
 n - a scroll of torment {unknown}
Potions
 b - 2 potions of cancellation {unknown}
 c - a potion of flight
 l - a potion of curing {unknown}
 s - a potion of attraction {unknown}
 v - a potion of haste {unknown}


   Skills:
 - Level 4.3 Dodging
 - Level 2.6 Stealth
 * Level 8.9 Unarmed Combat
 + Level 6.4 Spellcasting
 + Level 5.2 Necromancy
 + Level 7.4 Ice Magic


You had 6 spell levels left.
You knew the following spells:

 Your Spells              Type           Power      Damage    Failure   Level
a - Pain                  Necr           100%       1d9       1%          1
b - Frozen Ramparts       Ice            92%        1d11      1%          3
c - Ozocubu's Armour      Ice            46%        N/A       1%          3
d - Hailstorm             Conj/Ice       27%        3d7       6%          4
e - Vampiric Draining     Necr           35%        2d8       1%          3

Your spell library contained the following spells:

 Spells                   Type           Power      Damage    Failure   Level
 Animate Skeleton         Necr           70%        N/A       1%          1
 Freeze                   Ice            100%       1d11      1%          1
 Gell's Gravitas          Tloc           8%         N/A       9%          3
 Teleport Other           Tloc           8%         N/A       9%          3
 Agony                    Necr           35%        N/A       9%          5
 Dispersal                Tloc           4%         N/A       98%         6


Dungeon Overview and Level Annotations

Branches:
Dungeon (8/15)             Temple (0/1) D:6
   Lair: D:8-11

Altars:
Gozag
Kikubaaqudgha
Ru

Shops:
D:5 (

Annotations:
D:5 1 transporter, crazypyro's ghost, novice MiFi
D:6 1 runed translucent door, Crazy Yiuf


Innate Abilities, Weirdness & Mutations

You have sharp claws.
You have razor-sharp teeth.
You have supernaturally acute eyesight. (SInv)
You cover ground quickly. (Speed+)
You are covered in thick fur. (AC +2)
Your paws help you pounce on unaware monsters.
You are incapable of wielding weapons or throwing items.
You cannot wear armour.
You gain extra lives every three experience levels.


Message History

Confirm with . or Enter, or press ? or * to list all spells.
A film of ice covers your body!
The wight completely resists.
The wall freezes the wight but does no damage.
You scratch the wight.
The wight is moderately damaged.
The wight completely resists.
The wall freezes the wight but does no damage.
The wight misses you.
You scratch the wight.
The wight is heavily damaged.
The wight completely resists.
The wall freezes the wight but does no damage.
The wight resists.
The wall freezes the wight.
The wight closely misses you.
You closely miss the wight.
The wight is heavily damaged.
The wight completely resists.
The wall freezes the wight but does no damage.
The wight hits you with a +0 flail.
You scratch the wight.
The wight is almost destroyed.
The wight completely resists.
The wall freezes the wight but does no damage.
The wight barely misses you.
The wight resists.
The wall freezes the wight.
The wight hits you with a +0 flail!
* * * LOW HITPOINT WARNING * * *
You feel drained.
* * * LOW HITPOINT WARNING * * *
You scratch the wight.
You destroy the wight!
Kikubaaqudgha accepts your kill.
The wight resists.
The wall freezes the wight.
The wight misses you.
You barely miss the wight. You bite the wight, but do no damage.
The wight is lightly damaged.
The wight resists.
The wall freezes the wight.
The wight completely misses you.
You closely miss the wight.
The wight is lightly damaged.
The wight resists.
The wall freezes the wight.
The wight hits you with a +2 great sword!
You die...
Kikubaaqudgha rasps: "You have failed me!
Welcome... death!"

###..#.......#..#
.....
#.##.......##...
.....
#.'.........+...
......
###.........####
...... #...........#
......#
###.......###
.......###.#'#...#+#
#$...##...#####
#..z@)).....#
#..)##......#
#...#.......#
#...#.......+
.....#.......#
......##......#
....... +......#
....... ##...###
.#+#


You could see a wight.

Vanquished Creatures
  A hornet (D:7)
  7 yaks (D:6)
  A steam dragon (D:7)
  A water moccasin (D:6)
  2 orc warriors (D:7)
  A sky beast (D:4)
  2 black bears
  5 centaurs
  An ogre (D:7)
  A water moccasin zombie (D:5)
  A wyvern skeleton (D:7)
  A water moccasin skeleton (D:6)
  2 howler monkeys
  8 wights
  2 centaur zombies
  A bullfrog zombie (D:5)
  3 hounds
  An orc priest (D:6)
  2 bullfrog skeletons
  Terence (D:2)
  3 orc wizards
  2 killer bee zombies
  A howler monkey zombie (D:5)
  9 gnolls
  3 howler monkey skeletons
  9 adders
  A shadow imp (D:5)
  2 ufetubi
  2 worms
  4 dart slugs
  35 orcs
  6 bats
  8 endoplasms
  4 giant cockroaches
  11 goblins
  6 hobgoblins
  6 jackals
  2 quokkas
  9 ball pythons
  4 frilled lizards
  8 kobolds
  9 rats
188 creatures vanquished.

Notes
Turn   | Place    | Note
-------+----------+-------------------------------------------
     0 | D:1      | tizbic2 the Felid Ice Elementalist began the quest for the
                  | Orb.
     0 | D:1      | Reached XP level 1. HP: 7/7 MP: 4/4
   234 | D:1      | Reached XP level 2. HP: 6/11 MP: 1/6
  1175 | D:1      | Reached XP level 3. HP: 11/14 MP: 5/7
  1185 | D:1      | Learned a level 3 spell: Frozen Ramparts
  1632 | D:2      | Noticed Terence
  1648 | D:2      | Killed Terence
  1649 | D:2      | Reached XP level 4. HP: 15/18 MP: 4/8
  2302 | D:2      | Learned a level 3 spell: Ozocubu's Armour
  2607 | D:3      | Reached skill level 1 in Unarmed Combat
  2607 | D:3      | Reached XP level 5. HP: 2/21 MP: 1/10
  3010 | D:3      | Found an opulent altar of Gozag.
  3010 | D:3      | Killed from afar by an orc wizard
  3011 | D:3      | Reached XP level 4. HP: 0/18 MP: 9/9
  3447 | D:3      | Reached skill level 2 in Unarmed Combat
  3447 | D:3      | Reached XP level 5. HP: 17/21 MP: 4/10
  4064 | D:4      | Found an ancient bone altar of Kikubaaqudgha.
  4067 | D:4      | Became a worshipper of Kikubaaqudgha
  4080 | D:4      | Noticed a sky beast
  4085 | D:4      | Killed a sky beast
  4086 | D:4      | Reached skill level 3 in Unarmed Combat
  4086 | D:4      | Reached skill level 5 in Ice Magic
  4086 | D:4      | Gained mutation: You are covered in thick fur. (AC +2)
                  | [Felid growth]
  4086 | D:4      | Reached XP level 6. HP: 15/24 MP: 6/12
  4245 | D:4      | Learned a level 4 spell: Hailstorm
  4465 | D:4      | Reached * piety under Kikubaaqudgha
  4465 | D:4      | Received a gift from Kikubaaqudgha
  4578 | D:5      | Entered Level 5 of the Dungeon
  4611 | D:5      | Found a sacrificial altar of Ru.
  4851 | D:5      | Reached skill level 4 in Unarmed Combat
  4977 | D:5      | Found Coklif's Antique Weapon Shop.
  5146 | D:5      | Reached XP level 7. HP: 21/27 MP: 6/13
  5222 | D:5      | Learned a level 1 spell: Pain
  5425 | D:5      | Found a transporter.
  5426 | D:5      | Noticed crazypyro's ghost (novice MiFi)
  5997 | D:6      | Noticed a yak
  5997 | D:6      | Noticed a yak
  6032 | D:6      | Killed a yak
  6033 | D:6      | Reached skill level 1 in Necromancy
  6117 | D:6      | Learned a level 3 spell: Vampiric Draining
  6203 | D:6      | Reached skill level 5 in Unarmed Combat
  6344 | D:6      | Noticed a yak
  6349 | D:6      | Noticed a yak
  6349 | D:6      | Noticed a yak
  6349 | D:6      | Noticed a yak
  6362 | D:6      | Killed a yak
  6369 | D:6      | Killed a yak
  6370 | D:6      | Reached XP level 8. HP: 23/31 MP: 10/15
  6373 | D:6      | Reached skill level 6 in Unarmed Combat
  6373 | D:6      | Reached skill level 5 in Spellcasting
  6519 | D:6      | Found a runed translucent door.
  6520 | D:6      | Noticed Crazy Yiuf
  6840 | D:6      | Reached skill level 7 in Unarmed Combat
  6932 | D:6      | Reached ** piety under Kikubaaqudgha
  6943 | D:6      | Reached XP level 9. HP: 17/34 MP: 0/18
  7080 | D:6      | Found a staircase to the Ecumenical Temple.
  7635 | D:7      | Reached skill level 8 in Unarmed Combat
  7724 | D:7      | HP: 1/34 [steam dragon (5)]
  8093 | D:7      | Identified the +7 spear of Xom's Grace {pain, Int+7 SInv}
  8128 | D:7      | Reached skill level 5 in Necromancy
  8206 | D:8      | Slain by a centaur warrior zombie
  8207 | D:8      | Reached XP level 8. HP: -1/31 MP: 12/18
  8207 | D:8      | Reached XP level 9. HP: 34/34 MP: 19/19
  8290 | D:8      | Mangled by a wight

Illustrated notes

Levels and vault maps discovered:
D:1:      evilmike_arrival_fibonacci_small, layout_loops_ring
D:2:      layout_rooms, uniq_terence
D:3:      layout_loops_cross, nicolae_gozag_seed_capital, minmay_divided_ellipse
D:4:      layout_basic, kennysheep_mini_moat
D:5:      layout_cave_pods, mainiacjoe_overflow_concentric_impassable,
          serial_shops, kennysheep_little_box, gammafunk_ghost_mausoleum
D:6:      minmay_chambers_of_threes, layout_loops_ring,
          minmay_temple_entry_overgrown, st_stairs_14, uniq_crazy_yiuf_cottage
D:7:      layout_rooms, roderic_roman_lattice
D:8:      nicolae_cairo_tiling_very_big, layout_basic, nicolae_vehumet_radiance,
          mainiacjoe_overflow_divided_tiny, serial_shops, shop_scrolls

Skill      XL: |  1  2  3  4  5  6  7  8  9 |
---------------+----------------------------+-----
Dodging        | 3 4 |  4.3
Ice Magic      | 4 5 6 7 |  7.4
Unarmed Combat | 2 3 4 5 7 8 |  8.9
Spellcasting   | 3 4 5 6 |  6.4
Necromancy     | 2 3 5 |  5.2
Stealth        | |  2.6

Action                   |  1- 3 |  4- 6 |  7- 9 || total
-------------------------+-------+-------+-------++-------
Melee: Unarmed           |    44 |   163 |   196 ||   403
       Bite              |     2 |    21 |    21 ||    44
       Punch             |     1 |     4 |    11 ||    16
 Cast: Freeze            |    22 |    23 |       ||    45
       Frozen Ramparts   |     4 |    23 |    38 ||    65
       Ozocubu's Armour  |       |     9 |    20 ||    29
       Pain              |       |       |    16 ||    16
       Vampiric Draining |       |       |    19 ||    19
       Hailstorm         |       |       |     2 ||     2
  Use: Scroll            |     1 |     5 |     5 ||    11
       Potion            |       |       |     4 ||     4
 Stab: Sleeping          |     8 |    12 |     4 ||    24
Armor: Skin              |     2 |    26 |    32 ||    60
Dodge: Dodged            |    36 |   168 |   195 ||   399
